Map: [ESL] Moondance

Players

Botvinnik

  • Race: Terran Terran
  • Spawn Location: 12:00

trigger - Winner!

  • Race: Protoss Protoss
  • Spawn Location: 6:00

Event: DreamHack SC2 Masters 2022 Valencia

VOD

Have the link to the VOD?

Description

Time

  • Played on: July 1, 2022, 4:52 p.m.
  • Length: 7:59

All games in this series

Show
View Real Time Build Order
Export as new Build Order

Botvinnik Terran 

Build Orders: 1/1/1, Widow Mine Drop 

Get SALT Encoding   

  12  0:00  SCV  
  13  0:12  SCV  
  14  0:17  Supply Depot  
  14  0:24  SCV  
  15  0:38  SCV  
  15  0:39  Barracks  
  16  0:43  Refinery  
  16  0:50  SCV  
  16  0:52  Refinery  
  17  1:02  SCV  
  18  1:14  SCV  
  19  1:26  Marine  
  19  1:27  Orbital Command  
  19  1:31  Factory  
  20  1:39  Supply Depot  
  20  1:44  Barracks Reactor  
  20  1:53  SCV  
  21  2:05  SCV  
  22  2:16  Starport, Widow Mine  
  22  2:20  SCV  
  22  2:21  Marine x2  
  27  2:24  Supply Depot  
  27  2:37  Widow Mine  
  27  2:39  Marine x2  
  31  2:54  Medivac  
  33  2:59  Marine x2, Widow Mine  
  33  3:02  Armory  
  33  3:05  Supply Depot  
  37  3:17  Marine x2  
  38  3:27  Factory Tech Lab  
  38  3:34  Marine  
  38  3:35  Marine  
  38  3:37  Supply Depot  
  40  3:50  SCV  
  40  3:54  Marine x2  
  43  4:11  Marine  
  43  4:12  Marine  
  43  4:14  Thor  
  43  4:15  Medivac  
  53  4:29  Marine x2  
  51  4:47  Marine x2  
  51  4:53  Supply Depot  
  51  4:55  Liberator  
  54  5:10  Marine x2  
  55  5:15  Siege Tank  
  58  5:23  SCV  
  58  5:28  Marine x2  
  59  5:35  SCV  
  58  5:47  Siege Tank  
  60  5:52  Marine  
  56  5:57  Marine  
  49  6:09  Marine  
  50  6:15  Marine  
  50  6:19  Siege Tank  
  50  6:33  Marine x2  
  48  6:51  Marine x2  
  50  7:04  Siege Tank  
  50  7:08  Marine x2, Liberator  
  49  7:28  Marine  
  49  7:29  Marine  
Show
View Real Time Build Order
Export as new Build Order

trigger Protoss - Winner!

Build Orders: Oracle Opening 

Get SALT Encoding   

  12  0:00  Probe  
  13  0:12  Probe  
  14  0:18  Pylon  
  14  0:24  Probe (Chrono Boost)  
  15  0:36  Probe (Chrono Boost), Gateway  
  15  0:41  Assimilator  
  16  0:45  Probe (Chrono Boost)  
  17  0:51  Probe  
  17  0:54  Assimilator  
  18  1:03  Probe (Chrono Boost)  
  19  1:12  Probe (Chrono Boost)  
  19  1:17  Probe (Chrono Boost)  
  20  1:23  Cybernetics Core  
  21  1:29  Pylon  
  21  1:30  Probe  
  22  1:42  Probe  
  24  2:00  Stargate  
  24  2:04  Nexus  
  23  2:09  Adept  
  23  2:12  Probe  
  26  2:16  Warp Gate  
  26  2:24  Probe  
  26  2:26  Pylon  
  27  2:37  Probe  
  28  2:39  Adept  
  28  2:41  Oracle (Chrono Boost)  
  30  2:49  Probe  
  34  3:01  Probe  
  35  3:11  Adept  
  37  3:13  Probe  
  37  3:14  Oracle (Chrono Boost)  
  37  3:16  Probe  
  42  3:25  Probe  
  42  3:26  Forge  
  40  3:31  Robotics Facility  
  40  3:34  Probe  
  42  3:41  Probe  
  42  3:49  Probe  
  43  3:59  Photon Cannon  
  39  4:10  Photon Cannon, Shield Battery  
  39  4:11  Probe  
  39  4:14  Probe  
  39  4:17  Photon Cannon  
  41  4:22  Observer (Chrono Boost)  
  42  4:35  Stalker  
  42  4:49  Immortal (Chrono Boost)  
  46  5:00  Stalker, Photon Cannon  
  50  5:09  Photon Cannon  
  48  5:22  Immortal (Chrono Boost), Gateway  
  48  5:25  Sentry  
  54  5:30  Pylon  
  54  5:32  Pylon  
  54  5:39  Shield Battery  
  54  5:48  Stalker  
  54  6:00  Immortal (Chrono Boost)  
  54  6:02  Probe x2  
  54  6:10  Shield Battery  
  54  6:14  Stalker  
  54  6:15  Probe  
  54  6:18  Pylon  
  57  6:20  Shield Battery  
  57  6:30  Stalker  
  57  6:33  Gateway  
  57  6:34  Gateway  
  57  6:45  Stalker  
  57  6:46  Immortal  
  61  6:58  Stalker  
  61  7:08  Shield Battery  
  61  7:09  Stalker  
  61  7:21  Stalker  
  57  7:30  Probe x2  
  55  7:38  Stalker  
  55  7:39  Stalker  
  51  7:44  Probe  
  51  7:46  Assimilator  
  51  7:48  Stalker  
  51  7:50  Assimilator  
  54  7:56  Nexus  

Tags
 
Add a new tag
Caveats
  • Supply blocks, unpowered buildings, or Contaminate may cause inaccurate times.
  • Supply counts are checked every 10 seconds.